 Dungeon Crawl Stone Soup version 0.25.1-11-g244df3a29b (webtiles) character file.

Game seed: 2667445044077633214

298 Orenthal the Chopper (level 6, -9/61 HPs)
             Began as a Troll Fighter on Dec 25, 2022.
             Was an Initiate of Trog.
             Mangled by a scorpion (10 damage)
             ... on level 6 of the Dungeon.
             The game lasted 00:11:29 (935 turns).

Orenthal the Chopper (Troll Fighter)                 Turns: 935, Time: 00:11:30

Health: -9/61      AC: -2    Str: 26    XL:     6   Next: 13%
Magic:  5/5        EV:  8    Int:  4    God:    Trog [......]
Gold:   157        SH:  9    Dex:  8    Spells: 5/5 levels left

rFire    . . .     SeeInvis .   a - +0 war axe
rCold    . . .     Gourm    +   c - +0 kite shield
rNeg     . . .     Faith    .   b - +0 robe
rPois    .         Spirit   .   (helmet restricted)
rElec    .         Reflect  .   (no cloak)
rCorr    .         Harm     .   (gloves unavailable)
MR       .....                  (boots unavailable)
Stlth    +.........             (no amulet)
HPRegen  1.00/turn              (no ring)
MPRegen  0.09/turn              (no ring)

@: lethally poisoned (-9 -> -10), corroded, very slightly contaminated,
invisible
A: large, unfitting armour, claws 3, talons 1, clumsy 1, deterioration 1, fast
metabolism 3, gourmand, regeneration 2, shaggy fur 1, tough skin 3
a: Renounce Religion


You were on level 6 of the Dungeon.
You worshipped Trog.
Trog was noncommittal.
You were not hungry.

You visited 2 branches of the dungeon, and saw 7 of its levels.
You also visited: Ossuary.

You collected 157 gold pieces.

Inventory:

Hand Weapons
 a - a +0 war axe (weapon)
Armour
 b - a +0 robe (worn)
 c - a +0 kite shield (worn)
Jewellery
 e - an uncursed ring of protection from cold {unknown}
Scrolls
 f - a scroll of fear {unknown}
 g - a scroll of identify {unknown}
 i - a scroll of immolation {unknown}
 j - a scroll of enchant armour {unknown}
 k - a scroll of amnesia {unknown}
Potions
 d - a potion of might


   Skills:
 + Level 3.0 Fighting
 + Level 3.8 Axes
 + Level 3.2 Dodging
 + Level 3.4 Shields


You had 5 spell levels left.
You didn't know any spells.
Your spell library was empty.

Dungeon Overview and Level Annotations

Branches:
Dungeon (6/15)             Temple (1/1) D:5         Ossuary (visited)

Altars:
Ashenzari
Cheibriados
Dithmenos
Gozag
Makhleb
Okawaru
Qazlal
Trog
Wu Jian
Xom
Yredelemnul
Jiyva

Shops:
D:6 [?

Annotations:
D:6 Edmund


Innate Abilities, Weirdness & Mutations

You are too large for most types of armour.
You have claws for hands.
Your metabolism is lightning-fast.
You like to eat raw meat.
You heal very quickly.
You are covered in fur. (AC +1)
You have extremely tough skin. (AC +3)
You have sharp toenails.
You are clumsy. (Dex -2)
Your body sometimes deteriorates upon taking damage.


Message History

You are very lightly contaminated with residual magic.
It was a potion of mutation.
You feel extremely strange.
You feel clumsy.
You begin to heal more quickly.
You feel yourself wasting away.
Your toenails lengthen and sharpen.
You feel sick. The scorpion stings you.
* * * LOW HITPOINT WARNING * * *
The jelly closely misses you.
Edmund hits you with a +4 flail of protection.
* * * LOW HITPOINT WARNING * * *
The worker ant barely misses you.
You hit the jelly.
You kill the jelly!
Trog accepts your kill.
Your shield prevents you from hitting the worker ant.
You hit Edmund.
You strike the helpless scorpion from behind!
You slash the scorpion!
* * * LOW HITPOINT WARNING * * *
You feel sick. The scorpion stings you!
You die...

### #.# #.. ...
#.# #.# #.# #.#
### #.# #.#...
#<# #.#.##.#
#.###@a....#.
#...s@.......
#...≈≈≈##...##.#
#.[≈≈≈≈≈..#.....
#..≈≈∩....∩.##.#
##.≈≈≈≈≈##.# #
#.#≈≈≈## .#
#.##### .# #. <#


You could see Edmund, a scorpion and a worker ant.

Vanquished Creatures
  A phantom (D:4)
  An orc priest (D:3)
  A jelly (D:6)
  A centaur skeleton (D:4)
  An iguana (D:4)
  2 worker ants
  An ooze (D:1)
  4 orcs (D:3)
  2 giant cockroaches
  5 hobgoblins
  6 jackals (D:3)
  A quokka (D:2)
  A bat (D:3)
  8 goblins
  5 kobolds
  A leopard gecko skeleton (D:5)
  A quokka skeleton (D:4)
  2 rats
44 creatures vanquished.

Notes
Turn   | Place    | Note
-------+----------+-------------------------------------------
     0 | D:1      | Orenthal the Troll Fighter began the quest for the Orb.
     0 | D:1      | Reached XP level 1. HP: 22/22 MP: 0/0
    98 | D:1      | Reached XP level 2. HP: 29/29 MP: 1/1
   350 | D:3      | Reached XP level 3. HP: 34/36 MP: 2/2
   366 | D:3      | Found an opulent altar of Gozag.
   463 | D:3      | Reached XP level 4. HP: 20/44 MP: 3/3
   531 | D:4      | Found a sand-covered staircase.
   553 | Ossuary  | Entered an ossuary
   620 | D:4      | Noticed a phantom
   657 | D:4      | Killed a phantom
   657 | D:4      | Reached XP level 5. HP: 44/52 MP: 4/4
   718 | D:5      | Entered Level 5 of the Dungeon
   718 | D:5      | Found a staircase to the Ecumenical Temple.
   729 | D:5      | Reached XP level 6. HP: 42/61 MP: 5/5
   759 | Temple   | Entered the Ecumenical Temple
   824 | Temple   | Became a worshipper of Qazlal Stormbringer
   887 | Temple   | Fell from the grace of Qazlal
   887 | Temple   | Became a worshipper of Trog the Wrathful
   922 | D:6      | Found Reniheon's Armour Boutique.
   924 | D:6      | Found Xawaolar's Magic Scroll Emporium.
   927 | D:6      | Noticed Edmund
   934 | D:6      | Gained mutation: You are clumsy. (Dex -2) [potion of
                  | mutation]
   934 | D:6      | Gained mutation: You heal very quickly. [potion of
                  | mutation]
   934 | D:6      | Gained mutation: Your body sometimes deteriorates upon
                  | taking damage. [potion of mutation]
   934 | D:6      | Gained mutation: You have sharp toenails. [potion of
                  | mutation]
   934 | D:6      | HP: 2/61 [Edmund/+4 flail of protection (2)]
   935 | D:6      | Mangled by a scorpion

Illustrated notes

Levels and vault maps discovered:
D:1:      elethiomel_arrival_maze, layout_loops_cross, serial_forest,
          infiniplex_forest_lined_room_3, infiniplex_forest_lined_2,
          infiniplex_forest_straight_2, infiniplex_forest_straight_3,
          infiniplex_forest_diagonal, infiniplex_forest_join,
          infiniplex_forest_straight_1, infiniplex_forest_clump_diagonal,
          columned_hall_lemuel, evilmike_ruin_ashenzari
D:2:      layout_basic, uniq_sigmund
D:3:      cheibrodos_greedy_goblins, layout_basic,
          nicolae_tso_swordbearing_angel, first_ration,
          nicolae_gozag_seed_capital
D:4:      layout_basic, nicolae_overflow_hidden_temple,
          nicolae_ossuary_entry_ruins, lightli_sewer_entry_pipes, minivault_1,
          uniq_ijyb
D:5:      layout_rooms, minmay_temple_entry_glass, serial_shops,
          nicolae_shop_stone, cheibrodos_gnoll_hut
D:6:      layout_loops_ring, serial_shops, shop_statue, nicolae_shop_waterfront,
          shop, shop, uniq_edmund
Temple:   pf_slimified_temple

Skill      XL: |  1  2  3  4  5 |
---------------+----------------+-----
Axes           | 2 3 |  3.8
Shields        | 3 |  3.4
Dodging        | 3 |  3.2
Fighting       | 3 |  3.0

Action                   |  1- 3 |  4- 6 || total
-------------------------+-------+-------++-------
Melee: War axe           |   112 |    47 ||   159
  Use: Potion            |       |     2 ||     2
 Stab: Invisible         |       |     1 ||     1
  Eat: Ration            |       |     2 ||     2
Armor: Robe              |    63 |     4 ||    67
Dodge: Dodged            |    71 |    30 ||   101
Block: Kite shield       |    84 |    22 ||   106
